 Dungeon Crawl Stone Soup version 0.31-a0-1321-g5021b54cb2 (webtiles) character file.

Game seed: 9665445840674031591

1885 Pooter the Cleaver (level 8, -1/73 HPs)
             Began as a Minotaur Berserker on Dec 20, 2023.
             Was a Believer of Trog.
             Slain by a hornet (8 damage)
             ... on level 6 of the Dungeon on Dec 21, 2023.
             The game lasted 00:30:39 (6529 turns).

Pooter the Cleaver (Minotaur Berserker)             Turns: 6529, Time: 00:30:40

Health: -1/73      AC:  9    Str: 23    XL:     8   Next: 92%
Magic:  0/7        EV:  9    Int:  4    God:    Trog [**....]
Gold:   295        SH:  0    Dex: 11    Spells: 7/7 levels left

rFire   . . .        a - +5 battleaxe (freeze)
rCold   . . .        (shield currently unavailable)
rNeg    . . .        v - +0 chain mail
rPois   .            (helmet restricted)
rElec   .            (no cloak)
rCorr   .            l - +0 pair of gloves
SInv    .            (no boots)
Will    ++...        G - amulet of guardian spirit Stlth
                     (no ring)
HPRegen 1.32/turn    (no ring)
MPRegen 0.10/turn

%: guardian spirit
@: lethally poisoned (-1 -> -1), strong-willed (expiring), regenerating
(expiring), slowed, very slow
A: horns 2, retaliatory headbutt
a: Renounce Religion, Berserk, Trog's Hand


You were on level 6 of the Dungeon.
You worshipped Trog.
Trog was pleased with you.
You visited 2 branches of the dungeon, and saw 8 of its levels.

You collected 295 gold pieces.

Inventory:

Hand Weapons
 a - a +5 battleaxe of freezing (weapon)
   (You took it off a wight on level 6 of the Dungeon)
 b - a +1 heavy arbalest
   (You found it on level 6 of the Dungeon)
 i - a +2 halberd of venom
   (You took it off a gnoll on level 6 of the Dungeon)
 j - a +5 dire flail
   (You took it off a wight on level 6 of the Dungeon)
 k - a +4 war axe
   (You took it off a wight on level 6 of the Dungeon)
 C - a +1 antimagic trident
   (You took it off a gnoll sergeant on level 6 of the Dungeon)
Missiles
 c - 8 boomerangs (quivered)
 o - 6 poisoned darts
 r - 5 curare-tipped darts
 w - 4 javelins
 Q - 84 stones
Armour
 l - a +0 pair of gloves (worn)
   (You found it on level 2 of the Dungeon)
 v - a +0 chain mail (worn)
   (You took it off a goblin on level 4 of the Dungeon)
Jewellery
 G - an amulet of guardian spirit (around neck)
   (You found it on level 5 of the Dungeon)
Wands
 f - a wand of polymorph (3)
   (You found it on level 2 of the Dungeon)
 z - a wand of charming (7)
   (You found it on level 5 of the Dungeon)
Scrolls
 d - 2 scrolls of noise {!r}
 e - a scroll of poison {!r}
 n - a scroll of fear
 p - a scroll of silence
 t - 5 scrolls of teleportation {@r4}
 x - a scroll of revelation
 y - a scroll of fog {unknown}
 A - a scroll of enchant weapon {unknown}
 B - a scroll of blinking {unknown}
Potions
 g - 2 potions of lignification {!q}
 h - a potion of resistance {unknown}
 m - a potion of ambrosia {unknown}
 q - a potion of haste {@q3}
 u - a potion of brilliance


   Skills:
 + Level 7.1 Fighting
 * Level 9.6 Axes
 * Level 5.5 Ranged Weapons
 - Level 4.1 Throwing
 - Level 2.4 Armour
 - Level 2.1 Dodging
 - Level 1.9 Evocations


You had 7 spell levels left.
You didn't know any spells.
Your spell library was empty.

Dungeon Overview and Level Annotations

Branches:
Dungeon (7/15) Zot: 26963  Temple (1/1) D:5 Zot: 5998

Altars:
Ashenzari
Cheibriados
Dithmenos
Elyvilon
Fedhas
Gozag
Hepliaklqana
Kikubaaqudgha
Makhleb
Nemelex Xobeh
Okawaru
Qazlal
Ru
Sif Muna
Trog
Uskayaw
Vehumet
Wu Jian
Xom
Zin
The Shining One

Shops:
D:1 =


Innate Abilities, Weirdness & Mutations

You have a pair of horns on your head.
You reflexively headbutt those who attack you in melee.


Message History

You feel very sick.
The hornet stings you but does no damage.
The hornet stings you.
You suddenly lose the ability to move!
The hornet stings you.
You feel as though you will be slow longer.
You can move again.
You closely miss the hornet. Your headbutt misses the hornet.
You feel very sick. The hornet stings you!
You feel as though you will be slow longer.
The hornet stings you but does no damage.
The hornet barely misses you.
You are too injured to fight recklessly!
Your skin crawls.
You feel strong-willed.
You feel sick. The hornet stings you.
* * * LOW HITPOINT WARNING * * *
You shrug off the repeated paralysis!
The hornet stings you!
* * * LOW HITPOINT WARNING * * *
You feel as though you will be slow longer.
You barely miss the hornet.
You feel sick. The hornet stings you.
* * * LOW HITPOINT WARNING * * *
You feel as though you will be slow longer.
The hornet stings you!
* * * LOW MAGIC WARNING * * *
* * * LOW HITPOINT WARNING * * *
You are more poisoned.
You feel as though you will be slow longer.
The hornet closely misses you.
You hit the hornet but do no damage.
You feel very sick. The hornet closely misses you.
The hornet barely misses you.
The hornet stings you but does no damage.
You slash the hornet! You freeze the hornet.
You headbutt the hornet, but do no damage.
You feel the effects of Trog's Hand fading.
You feel very sick.
The hornet stings you but does no damage. x2
The hornet barely misses you.
You closely miss the hornet.
You feel very sick. The hornet completely misses you. The hornet stings you!
* * * LOW MAGIC WARNING * * *
* * * LOW HITPOINT WARNING * * *
You feel as though you will be slow longer.
Unknown command.
You completely miss the hornet.
You feel sick. The hornet misses you. The hornet closely misses you.
The hornet stings you!
* * * LOW MAGIC WARNING * * *
You die...

##.........# ###<..##.....#....
#..........# #...#.##.#.....#..
#.##.......## #...#.#......###..
#.##.....#>.# #...#.#....#.# ###
..##.....#..####..........#.#
####.#.####...##............#
####.#.####.#...............#
...............y.........##.#####
####............@................
# #.#..#.....[..))...:..........
# #..........).[)<.[............
# #...#........[[[.#####.#.###..
######..[........................
##......[....................##..
#..##.....##.....#####.##........
#.##..............# #.....######
#.##...#..........######.........


You could see a hornet.

Vanquished Creatures
  A wyvern (D:5)
  A black bear (D:6)
  2 ogres
  A kobold brigand (D:5)
  A bullfrog (D:4)
  A gnoll sergeant (D:6)
  3 scorpions
  9 wights
  5 killer bees
  A hound (D:5)
  A jelly (D:5)
  4 iguanas
  A sleepcap (D:4)
  2 orc wizards
  8 adders
  5 gnolls
  A white imp (D:5)
  2 worms
  2 dart slugs
  2 orcs (D:4)
  6 ball pythons
  2 bats (D:1)
  9 endoplasms
  2 giant cockroaches
  4 goblins
  6 hobgoblins
  4 jackals
  3 quokkas
  4 frilled lizards (D:3)
  11 kobolds
  A rat (D:3)
105 creatures vanquished.

Notes
Turn   | Place    | Note
-------+----------+-------------------------------------------
     0 | D:1      | Pooter the Minotaur Berserker began the quest for the Orb.
     0 | D:1      | Reached XP level 1. HP: 19/19 MP: 0/0
   530 | D:1      | Reached skill level 4 in Axes
   530 | D:1      | Reached XP level 2. HP: 21/27 MP: 1/1
   680 | D:1      | Found Quyla's Jewellery Shoppe.
   908 | D:1      | Found a sparkling altar of Nemelex Xobeh.
   963 | D:2      | Reached skill level 1 in Throwing
  1161 | D:2      | Reached XP level 3. HP: 25/33 MP: 2/2
  1575 | D:3      | Found a faded altar of an unknown god.
  2020 | D:3      | Reached XP level 4. HP: 40/40 MP: 3/3
  2389 | D:4      | Noticed an ogre
  2394 | D:4      | Killed an ogre
  2395 | D:4      | Reached skill level 5 in Axes
  2395 | D:4      | Reached XP level 5. HP: 47/47 MP: 4/4
  2685 | D:4      | Noticed Eustachio
  2686 | D:4      | Eustachio changed into Eustachio the bullfrog
  2686 | D:4      | Noticed Eustachio
  2691 | D:4      | Killed Eustachio the bullfrog
  2819 | D:4      | Reached XP level 6. HP: 55/55 MP: 5/5
  2821 | D:4      | Reached skill level 6 in Axes
  2821 | D:4      | Reached ** piety under Trog
  2856 | D:4      | Reached skill level 5 in Fighting
  3383 | D:5      | Entered Level 5 of the Dungeon
  3676 | D:5      | Reached XP level 7. HP: 61/61 MP: 6/6
  3679 | D:5      | Reached skill level 1 in Ranged Weapons
  3783 | D:5      | Noticed a wyvern
  3792 | D:5      | Killed a wyvern
  3793 | D:5      | Reached skill level 7 in Axes
  3793 | D:5      | Reached skill level 1 in Evocations
  4436 | D:5      | Found a staircase to the Ecumenical Temple.
  4546 | Temple   | Entered the Ecumenical Temple
  4808 | D:5      | Reached skill level 8 in Axes
  4808 | D:5      | Reached XP level 8. HP: 70/70 MP: 7/7
  5609 | D:6      | Reached skill level 9 in Axes
  5646 | D:6      | Reached skill level 5 in Ranged Weapons
  5923 | D:5      | HP: 2/71 [kobold brigand/+0 whip (2)]
  6513 | D:7      | Noticed a hornet
  6522 | D:6      | Paralysed by a hornet for 1 turns
  6529 | D:6      | Slain by a hornet

Illustrated notes

Levels and vault maps discovered:
D:1:      dpeg_arrival_water_altar, layout_loops_corners, serial_shops, shop
D:2:      layout_rooms, minmay_misc_feat_tower, chequers_jeans
D:3:      layout_basic, hellmonk_ecumenical_altar_heavens_door, minmay_ruptured
D:4:      minmay_diamond_boxcup, layout_loops_cross, uniq_eustachio
D:5:      layout_cave_pods, minmay_temple_entry_nine_rooms,
          hangedman_abyss_or_decor_stabs
D:6:      layout_rooms
D:7:      layout_loops_ring, uniq_maggie
Temple:   mainiacjoe_temple_hex_bubbles

Skill      XL: |  1  2  3  4  5  6  7  8 |
---------------+-------------------------+-----
Axes           | 4 5 6 8 9 |  9.6
Throwing       | 1 2 3 4 |  4.1
Fighting       | 4 5 6 7 |  7.1
Ranged Weapons | 2 5 |  5.5
Evocations     | 1 |  1.9
Armour         | |  2.4
Dodging        | |  2.1

Action                     |  1- 3 |  4- 6 |  7- 9 || total
---------------------------+-------+-------+-------++-------
  Melee: Hand axe          |    61 |    71 |    62 ||   194
         Headbutt          |     9 |    12 |    22 ||    43
         Punch             |       |       |     1 ||     1
         War axe           |       |       |    27 ||    27
         Battleaxe         |       |       |    12 ||    12
   Fire: Sling             |       |    11 |     4 ||    15
         Arbalest          |       |       |    33 ||    33
  Throw: Boomerang         |     8 |     9 |       ||    17
         Dart              |     1 |     2 |     2 ||     5
 Invoke: Berserk           |     3 |     3 |     9 ||    15
         Trog's Hand       |       |       |     2 ||     2
  Evoke: Wand              |       |     1 |     2 ||     3
    Use: Scroll            |     4 |     3 |     2 ||     9
         Potion            |       |       |     6 ||     6
   Stab: Sleeping          |     2 |     1 |       ||     3
 Armour: Animal skin       |    30 |    15 |       ||    45
         Chain mail        |       |    19 |   152 ||   171
         Skin              |       |    10 |       ||    10
  Dodge: Dodged            |    30 |    42 |    70 ||   142

Table legend: (Time is in decaauts)
 A = Elapsed time spent in this place.
 B = Non-inter-level travel time spent in this place.
 C = Inter-level travel time spent in this place.
 D = Time resting spent in this place.
 E = Time spent auto-exploring this place.
 F = Levels seen in this place.
 G = Mean time per level.
                   A        B        C        D        E       F      G
               +--------+--------+--------+--------+--------+-----+--------+
         Total |   6747 |   6521 |    226 |   2142 |   3342 |   8 |  843.4 |
       Dungeon |   6746 |   6520 |    226 |   2142 |   3342 |   7 |  963.7 |
        Temple |      1 |      1 |      0 |      0 |      0 |   1 |    1.0 |
               +--------+--------+--------+--------+--------+-----+--------+

Top non-repeatable levels by time:
     D:5: 2172 daAuts
     D:6: 1119 daAuts
     D:4: 1050 daAuts
     D:1: 935 daAuts
     D:3: 794 daAuts
     D:2: 661 daAuts
     D:7: 13 daAuts
  Temple: 1 daAuts
